 Dungeon Crawl Stone Soup version 0.14-b1-49-gc72db44 (webtiles) character file.

20198 Heini the Bludgeoner (level 12, -1/112 HPs)
             Began as a Minotaur Fighter on Apr 8, 2014.
             Was a High Priest of Okawaru.
             Killed from afar by Broswagonist's ghost (25 damage)
             ... with a bolt of lightning
             ... on Level 4 of the Orcish Mines.
             The game lasted 01:45:21 (17287 turns).

Heini the Bludgeoner (Minotaur Fighter)            Turns: 17287, Time: 01:45:21

HP  -1/112       AC 23     Str 27      XL: 12   Next: 28%
MP   4/6         EV  9     Int  5      God: Okawaru [*****.]
Gold 1665        SH 24     Dex 12      Spells:  1 memorised,  9 levels left

rFire  . . .     SeeInvis .     x - +1,+3 morningstar (curse)
rCold  . . .     Clarity  .     b - +0 plate armour
rNeg   . . .     Conserve .     c - +0 shield
rPois  .         rCorr    .     h - +2 hat {MR+}
rElec  .         rRot     .     l - +2 cloak
SustAb . .       Spirit   .     (no gloves)
rMut   +         Warding  .     (no boots)
Saprov . . .     Stasis   .     t - cursed amulet of resist mutation
MR     +....                    (no ring)
                                q - +3 ring of strength

@: heroism, somewhat resistant to hostile enchantments, extremely unstealthy
A: retaliatory headbutt, horns 2
a: Heroism, Finesse, Renounce Religion


You were on level 4 of the Orcish Mines.
You worshipped Okawaru.
Okawaru was extremely pleased with you.
You were hungry.

You visited 4 branches of the dungeon, and saw 18 of its levels.

You collected 1665 gold pieces.

Inventory:

Hand weapons
 a - a +0,+0 dire flail
 x - a cursed +1,+3 morningstar (weapon)
 J - a +2,+1 morningstar
Missiles
 o - 10 stones (quivered)
Armour
 b - a +0 plate armour (worn)
 c - a +0 shield (worn)
 h - a +2 hat of magic resistance (worn)
 l - a +2 cloak (worn)
 F - a +2 scale mail of fire resistance
Magical devices
 k - a wand of confusion (20)
 K - a wand of cold (5)
 U - a wand of flame (18)
Comestibles
 d - 6 bread rations
 i - 2 chokos
 u - 4 meat rations
 z - an apple
 D - 2 rotting chunks of orc flesh
 E - a lychee
 H - 6 beef jerkies
 L - 6 rotting chunks of orc flesh
Scrolls
 g - 7 scrolls of remove curse
 n - 4 scrolls of identify
 s - a scroll of blinking
 v - 2 scrolls of noise {unknown}
 w - 3 scrolls of teleportation
 y - a scroll of enchant weapon I
 C - a scroll of recharging
 I - a scroll of magic mapping
 M - 2 scrolls of fog
Jewellery
 q - a +3 ring of strength (left hand)
 t - a cursed amulet of resist mutation (around neck)
Potions
 e - a potion of might
 f - a potion of haste
 j - 2 potions of restore abilities
 m - 2 potions of invisibility
 r - 8 potions of curing
 A - 2 potions of flight
 B - a potion of cure mutation
 O - 4 potions of agility
Miscellaneous
 p - a plain deck of defence {the Elixir}


   Skills:
 * Level 12.2(17.2) Fighting
 * Level 15.1(20.1) Maces & Flails
 * Level 12.0(17.0) Armour
 - Level 7.3(12.3) Dodging
 - Level 3.9(8.9) Shields
 + Level 1.0 Invocations
 + Level 0.4 Evocations


You had 9 spell levels left.
You knew the following spells:

 Your Spells              Type           Power        Failure   Level  Hunger
a - Repel Missiles        Chrm/Air       #.....       100%        2    ###....


Dungeon Overview and Level Annotations

Branches:
Dungeon (11/15)            Temple (1/1) D:6             Orc (4/4) D:11
    Elf (0/3) Orc:3          Lair (2/8) D:9

Altars:
Ashenzari
Dithmenos
Elyvilon
Fedhas
Makhleb
Nemelex Xobeh
Okawaru
Sif Muna
Trog
Vehumet
Xom
Yredelemnul
Zin
The Shining One
Beogh

Shops:
D:4 :   D:6 [   D:9 (*   Orc:3 }

Annotations:
Orc:4 Broswagonist's ghost, powerful DECj


Innate Abilities, Weirdness & Mutations

You reflexively headbutt those who attack you in melee.
You have a pair of horns on your head.


Message History

You sock the orc!
You kill the orc!
Okawaru accepts your kill. The orc hits you but does no damage.
You block the warg's attack.
You puncture the warg!
You headbutt the warg, but do no damage.
The warg is heavily wounded.
The orc closely misses you.
Broswagonist's ghost gestures at you while chanting.
The bolt of lightning hits you! x2
The bolt of lightning hits Broswagonist's ghost.
The orc hits you but does no damage. You block the orc's attack.
The warg misses you.
The battlesphere fires!
The barrage of energy hits you!
You can't go down here!
You block the orc's attack.
Broswagonist's ghost points at you and mumbles some strange words.
The bolt of lightning hits you!
* * * LOW HITPOINT WARNING * * *
The bolt of lightning hits you!
You die...

... .........
...........
.............
...............
.........$....#
..#...o........
#...goo#.......
#o.oh@)..#
##..po..*#
#.....#.##
#.#.#...##
....##..## ....
...# .. .....
..#.# ....##


You could see a warg, Broswagonist's ghost, 6 orcs and a goblin.

Vanquished Creatures
  An unseen horror (D:10)
  The ghost of Heini the Protected, an experienced MiFi (D:6)
  An orc knight (D:11)
  Maurice (Orc:2)
  An item mimic (D:11)
  A spiny frog (Lair:2)
  A komodo dragon (Lair:2)
  Grinder (D:3)
  The ghost of Nowbl the Covered, an average MiFi (D:5)
  2 trolls
  2 two-headed ogres
  2 basilisks
  2 sharks (Lair:2)
  11 yaks
  2 deep elf magi (D:9)
  2 humans (D:7)
  4 hippogriffs
  5 ugly things (D:10)
  2 wandering mushrooms (D:9)
  Menkaure (D:7)
  A warg (Orc:2)
  2 porcupines
  6 water moccasins
  9 orc warriors
  2 black bears (D:10)
  3 ice beasts
  5 sky beasts
  4 centaurs
  9 ogres
  4 phantoms
  4 crocodiles
  Sigmund (D:2)
  19 big kobolds
  Duvessa (D:6)
  7 giant frogs
  A giant slug (Lair:1)
  2 scorpions
  An eye of draining (D:11)
  9 killer bees
  3 wights (D:8)
  3 crimson imps
  An electric eel (Lair:2)
  Dowan (D:6)
  A giant frog zombie (D:10)
  7 hounds
  A jelly (D:9)
  2 goliath beetles
  7 worker ants
  25 orc priests
  18 orc wizards
  2 iguanas
  7 sheep (Lair:2)
  Ijyb (D:3)
  Terence (D:3)
  2 mummies
  2 worker ant zombies
  4 gnolls (D:2)
  60 green rats
  16 adders
  2 shadow imps (D:10)
  A giant mite (D:7)
  4 worms
  2 adder skeletons
  An iguana zombie (D:8)
  A giant eyeball (D:5)
  7 giant geckos
  An ooze (D:6)
  157 orcs
  16 bats
  A bat skeleton (D:4)
  15 goblins
  16 hobgoblins
  20 jackals
  4 quokkas
  A ball python (D:7)
  5 giant cockroaches
  A giant gecko skeleton (D:6)
  3 giant newts
  A giant spore (D:11)
  A hobgoblin skeleton (D:8)
  17 kobolds
  A kobold skeleton (D:5)
  An orc skeleton (D:5)
  24 rats
  A rat zombie (D:6)
  4 ballistomycetes
  9 fungi
615 creatures vanquished.

Vanquished Creatures (others)
  A giant spore (D:8)
  2 fungi (D:9)
  2 plants (Lair:2)
5 creatures vanquished.

Grand Total: 620 creatures vanquished

Notes
Turn   | Place    | Note
--------------------------------------------------------------
     0 | D:1      | Heini, the Minotaur Fighter, began the quest for the Orb.
     0 | D:1      | Reached XP level 1. HP: 19/19 MP: 1/1
    68 | D:1      | Reached XP level 2. HP: 24/27 MP: 1/1
   160 | D:1      | Reached skill level 4 in Armour
   470 | D:1      | Reached XP level 3. HP: 29/33 MP: 2/2
   853 | D:2      | Noticed Sigmund
   862 | D:2      | Killed Sigmund
   862 | D:2      | Reached skill level 5 in Armour
   862 | D:2      | Reached XP level 4. HP: 23/41 MP: 2/2
  1078 | D:2      | Reached XP level 5. HP: 17/47 MP: 2/2
  1088 | D:2      | Reached skill level 5 in Fighting
  1417 | D:2      | Found a shimmering altar of Xom.
  1417 | D:2      | Found a burning altar of Makhleb.
  1503 | D:3      | Noticed Terence
  1519 | D:3      | Killed Terence
  1643 | D:3      | Found a white marble altar of Elyvilon.
  1781 | D:3      | Reached skill level 6 in Armour
  1781 | D:3      | Reached skill level 1 in Dodging
  1783 | D:3      | Reached XP level 6. HP: 24/56 MP: 3/3
  1961 | D:3      | Noticed Ijyb
  1983 | D:3      | Killed Ijyb
  2104 | D:3      | Noticed Grinder
  2112 | D:3      | Killed Grinder
  2112 | D:3      | Reached skill level 5 in Maces & Flails
  2112 | D:3      | Reached XP level 7. HP: 18/62 MP: 3/3
  2914 | D:4      | Found Jeipai Zoss' Book Shoppe.
  3068 | D:4      | Found a sparkling altar of Nemelex Xobeh.
  3391 | D:5      | Entered Level 5 of the Dungeon
  3483 | D:5      | Reached skill level 7 in Armour
  3843 | D:5      | Noticed Nowbl's ghost (average MiFi)
  3859 | D:5      | Killed Nowbl's ghost
  3859 | D:5      | Reached XP level 8. HP: 31/71 MP: 3/3
  4183 | D:5      | Paralysed by a giant eyeball for 2 turns
  4232 | D:5      | Reached skill level 8 in Armour
  4353 | D:6      | Found a staircase to the Ecumenical Temple.
  4367 | Temple   | Entered the Ecumenical Temple
  4670 | Temple   | Became a worshipper of Warmaster Okawaru
  4732 | D:6      | Noticed Duvessa
  4743 | D:6      | Killed Duvessa
  4744 | D:6      | Noticed Dowan
  4769 | D:6      | Killed Dowan
  5263 | D:6      | Noticed Heini's ghost (experienced MiFi)
  5276 | D:6      | Killed Heini's ghost
  5376 | D:6      | Found Cyb Phudud's Antique Armour Boutique.
  5403 | D:6      | Acquired Okawaru's first power
  5549 | D:6      | Reached XP level 9. HP: 59/80 MP: 4/4
  5768 | D:7      | Reached skill level 9 in Maces & Flails
  6374 | D:7      | Noticed Menkaure
  6385 | D:7      | Killed Menkaure
  6468 | D:7      | Found an iron altar of Okawaru.
  6626 | D:7      | Reached skill level 10 in Maces & Flails
  7267 | D:7      | Found a basalt altar of Yredelemnul.
  7268 | D:7      | Noticed a profane servitor
  7284 | D:7      | Found a glowing golden altar of the Shining One.
  7285 | D:7      | Noticed an angel
  7503 | D:8      | Reached XP level 10. HP: 64/91 MP: 4/4
  8003 | D:8      | Reached skill level 11 in Maces & Flails
  8012 | D:8      | Reached skill level 5 in Dodging
  8472 | D:9      | Found a deep blue altar of Sif Muna.
  8534 | D:9      | Reached skill level 10 in Armour
  8559 | D:9      | Noticed an angel
  8560 | D:9      | Found Zoloust's Hallowed Reliquary.
  8560 | D:9      | Found a glowing silver altar of Zin.
  8604 | D:9      | Found a staircase to the Lair.
  8630 | D:9      | Found Shrejix's Antique Weapon Shop.
  8673 | Lair:1   | Entered Level 1 of the Lair of Beasts
  9255 | D:9      | Reached skill level 12 in Maces & Flails
  9435 | D:9      | Reached skill level 10 in Fighting
 10165 | Lair:1   | Reached XP level 11. HP: 101/101 MP: 4/4
 11129 | Lair:2   | Reached skill level 13 in Maces & Flails
 11515 | Lair:2   | Acquired Okawaru's second power
 12347 | Lair:2   | Learned a level 2 spell: Repel Missiles
 12435 | D:10     | Entered Level 10 of the Dungeon
 12564 | D:10     | Killed an unseen horror
 13571 | D:10     | Reached skill level 1 in Invocations
 13588 | D:10     | Reached skill level 14 in Maces & Flails
 13671 | D:10     | Received a gift from Okawaru
 14643 | D:11     | Reached XP level 12. HP: 61/112 MP: 6/6
 15220 | D:11     | Found a staircase to the Orcish Mines.
 15482 | Orc:1    | Entered Level 1 of the Orcish Mines
 15658 | Orc:1    | Found a roughly hewn altar of Beogh.
 15979 | Orc:2    | Noticed Maurice
 16017 | Orc:2    | Killed Maurice
 16697 | Orc:3    | Found a staircase to the Elven Halls.
 16778 | Orc:3    | Reached skill level 15 in Maces & Flails
 16865 | Orc:3    | Found Waomev's Gadget Emporium.
 17275 | Orc:4    | Entered Level 4 of the Orcish Mines
 17278 | Orc:4    | Noticed Broswagonist's ghost (powerful DECj)
 17287 | Orc:4    | Killed from afar by Broswagonist's ghost

Action                   |  1- 3 |  4- 6 |  7- 9 | 10-12 || total
-------------------------+-------+-------+-------+-------++-------
Melee: Flail             |    88 |   126 |    59 |       ||   273
       Morningstar       |       |       |   292 |  1077 ||  1369
Invok: Heroism           |       |       |       |     4 ||     4
Evoke: Wand              |       |       |     2 |     2 ||     4
  Use: Scroll            |       |       |    15 |     7 ||    22
       Potion            |       |       |     1 |     2 ||     3
